Map: 2000 atmosfer ER

Players

SI 1 (Bardzo łatwa)

  • Race: Terran Terran

Krystianer - Winner!

  • Race: Protoss Protoss

VOD

Have the link to the VOD?

Description

Time

  • Played on: Feb. 11, 2022, 6:27 p.m.
  • Length: 10:37
Show
View Real Time Build Order
Export as new Build Order

SI 1 (Bardzo łatwa) Terran 

Build Orders: Reaper Expand 

Get SALT Encoding   

  12  0:00  SCV  
  13  0:13  SCV  
  14  0:18  Supply Depot  
  14  0:42  Barracks  
  14  1:01  Command Center  
  14  1:29  Supply Depot  
  14  1:30  Orbital Command  
  14  1:31  Marine  
  15  1:35  Refinery  
  15  1:48  Refinery  
  15  1:55  SCV  
  16  2:07  SCV  
  17  2:14  SCV  
  18  2:15  Reaper  
  18  2:21  SCV  
  20  2:28  SCV  
  21  2:35  SCV  
  22  2:42  SCV  
  23  2:50  SCV  
  24  2:53  Refinery  
  24  2:57  SCV  
  24  3:03  Marine  
  24  3:04  SCV  
  25  3:11  SCV  
  26  3:18  SCV  
  27  3:24  Factory  
  27  3:25  SCV  
  27  3:48  Refinery  
  27  3:49  SCV  
  27  3:51  Marine  
  28  3:57  SCV  
  28  4:04  SCV  
  28  4:09  Barracks Tech Lab  
  27  4:11  SCV  
  27  4:12  Starport  
  28  4:18  SCV  
  28  4:21  Supply Depot  
  28  4:25  SCV  
  29  4:32  SCV  
  30  4:39  Marauder  
  30  4:40  SCV  
  33  4:47  SCV  
  32  4:54  Starport Tech Lab, SCV  
  33  5:01  SCV  
  34  5:08  SCV  
  34  5:13  Raven  
  37  5:16  SCV  
  37  5:19  Supply Depot  
  38  5:23  SCV  
  38  5:27  Marine  
  38  5:30  SCV  
  39  5:37  SCV  
  40  5:44  SCV  
  41  5:51  SCV  
  41  5:56  Raven  
  44  5:58  SCV  
  44  6:13  Hellion  
  44  6:15  Supply Depot, SCV  
  43  6:22  SCV  
  42  6:29  SCV  
  43  6:37  SCV  
  43  6:39  Raven  
  46  6:42  Hellion  
  46  6:44  SCV  
  45  6:51  SCV  
  46  6:58  SCV  
  41  7:05  SCV  
  42  7:11  Hellion  
  42  7:13  SCV  
  45  7:21  SCV  
  46  7:28  SCV  
  45  7:30  Raven  
  45  7:35  SCV  
  44  7:39  Hellion  
  44  7:51  SCV  
  41  7:58  SCV  
  28  8:05  SCV  
  29  8:08  Hellion  
  29  8:12  SCV  
  32  8:13  Raven  
  32  8:14  Refinery  
  32  8:19  SCV  
  35  8:27  SCV  
  36  8:34  SCV  
  37  8:41  SCV  
  38  8:49  SCV  
  39  8:56  SCV, Viking  
  38  9:03  SCV  
  37  9:10  SCV  
  38  9:17  SCV  
  38  9:20  Hellion  
  41  9:24  SCV  
  42  9:32  SCV  
  21  9:46  SCV  
  21  9:49  Hellion  
  1  10:20  Command Center  
Show
View Real Time Build Order
Export as new Build Order

Krystianer Protoss - Winner!

Build Orders: 1 Gate Expand, Oracle Opening 

Get SALT Encoding   

  12  0:00  Probe  
  13  0:12  Probe  
  14  0:17  Pylon  
  14  0:24  Probe (Chrono Boost)  
  15  0:37  Probe (Chrono Boost), Gateway  
  16  0:43  Probe (Chrono Boost)  
  16  0:45  Assimilator  
  17  0:51  Probe  
  18  1:03  Probe  
  19  1:15  Probe  
  20  1:23  Nexus  
  20  1:32  Cybernetics Core  
  20  1:36  Probe  
  21  1:40  Assimilator  
  21  1:48  Probe  
  21  1:52  Pylon  
  22  2:00  Probe  
  23  2:08  Adept (Chrono Boost)  
  23  2:12  Probe  
  23  2:14  Stargate  
  26  2:22  Warp Gate  
  26  2:25  Probe (Chrono Boost)  
  27  2:31  Stalker  
  27  2:35  Probe (Chrono Boost)  
  31  2:37  Probe (Chrono Boost)  
  32  2:44  Probe (Chrono Boost)  
  32  2:45  Probe (Chrono Boost)  
  32  2:49  Probe (Chrono Boost)  
  32  2:51  Probe  
  35  3:01  Probe, Oracle (Chrono Boost)  
  35  3:03  Probe  
  40  3:13  Probe  
  40  3:15  Probe  
  40  3:18  Gateway  
  42  3:20  Gateway  
  42  3:22  Twilight Council  
  42  3:27  Pylon  
  42  3:28  Probe  
  42  3:30  Probe  
  44  3:36  Gateway  
  44  3:41  Probe  
  45  3:42  Probe  
  46  3:53  Nexus  
  46  3:57  Charge (Chrono Boost), Probe x2  
  48  4:05  Phoenix  
  50  4:10  Pylon  
  50  4:15  Probe x2  
  52  4:26  Assimilator  
  52  4:29  Pylon  
  52  4:30  Zealot x3  
  58  4:31  Phoenix (Chrono Boost)  
  58  4:33  Probe  
  58  4:35  Probe  
  62  4:47  Phoenix (Chrono Boost)  
  64  4:56  Gateway  
  64  4:57  Gateway  
  64  4:58  Probe x2, Gateway  
  66  5:01  Gateway  
  66  5:05  Phoenix (Chrono Boost)  
  68  5:08  Probe (Chrono Boost)  
  68  5:12  Zealot  
  68  5:13  Probe (Chrono Boost)  
  73  5:18  Probe (Chrono Boost)  
  73  5:20  Probe (Chrono Boost)  
  74  5:25  Phoenix (Chrono Boost)  
  74  5:26  Probe (Chrono Boost)  
  74  5:27  Probe (Chrono Boost)  
  74  5:28  Probe (Chrono Boost), Pylon  
  79  5:34  Zealot x2  
  83  5:37  Probe x2  
  83  5:39  Pylon  
  85  5:43  Forge  
  85  5:46  Probe  
  85  5:47  Robotics Facility  
  85  5:49  Probe  
  88  5:50  Probe  
  88  5:51  Phoenix (Chrono Boost)  
  88  5:57  Zealot x2, Sentry  
  94  6:02  Assimilator  
  94  6:03  Probe x2, Pylon  
  98  6:08  Probe  
  99  6:13  Phoenix (Chrono Boost)  
  101  6:18  Protoss Ground Weapons Level 1 (Chrono Boost)  
  101  6:22  Pylon  
  101  6:24  Pylon  
  101  6:26  Pylon  
  101  6:27  Zealot x3  
  101  6:28  Zealot  
  109  6:33  Pylon  
  109  6:40  Warp Prism  
  109  6:46  Zealot x4  
  119  6:49  Zealot x4  
  127  6:54  Pylon  
  127  7:02  Pylon  
  127  7:13  Zealot x8  
  143  7:19  Templar Archives  
  143  7:29  Pylon  
  143  7:36  Zealot x7  
  157  7:45  Pylon  
  157  7:47  Pylon  
  157  8:01  Nexus  
  157  8:07  Zealot  
  157  8:08  Zealot x7  
  173  8:13  Protoss Ground Armor Level 1 (Chrono Boost)  
  173  8:16  Probe x2  
  173  8:17  Probe  
  176  8:30  Robotics Facility  
  176  8:31  Robotics Bay  
  176  8:33  Observer  
  177  8:37  Assimilator  
  177  8:38  High Templar x2  
  181  8:43  Pylon  
  181  8:44  Pylon, Archon  
  181  8:46  Pylon  
  181  8:47  Pylon  
  181  9:01  Probe x3  
  184  9:07  Zealot x2  
  184  9:08  Zealot x4  
  196  9:46  Gateway  
  196  9:50  Forge, Gateway  
  196  9:51  Gateway  
  196  9:52  Forge  
  196  9:53  Gateway  
  196  9:54  Robotics Facility  
  196  9:55  Gateway  
  196  9:56  Robotics Facility  
  196  9:57  Gateway  
  196  10:10  Nexus  
Tags
 
Add a new tag
Caveats
  • Supply blocks, unpowered buildings, or Contaminate may cause inaccurate times.
  • Supply counts are checked every 10 seconds.